 Dungeon Crawl Stone Soup version 0.31-a0-1-g4198be8af4 (webtiles) character file.

Game seed: 13062186086916844947

449 Jase the Insei (level 7, 0/43 HPs)
             Began as an Octopode Transmuter on May 1, 2023.
             Was an Initiate of Ashenzari.
             Slain by a sky beast (6 damage)
             ... on level 5 of the Dungeon.
             The game lasted 00:08:40 (3598 turns).

Jase the Insei (Octopode Transmuter)                Turns: 3598, Time: 00:08:40

Health: 0/43       AC:  1    Str: 10    XL:     7   Next: 4%
Magic:  9/10       EV: 14    Int: 17    God:    Ashenzari [......]
Gold:   212        SH:  0    Dex: 12    Spells: 4/10 levels left

rFire   . .          .
                       - Unarmed
rCold   . . .        e - orb of the Perceptive Sky {light, Fort, Alch} (curse)
rNeg    . . .        (helmet currently unavailable)
rPois   .            (no amulet)
rElec   .            (no ring)
rCorr   .            (no ring)
SInv    .            (no ring)
Will    .....        (no ring)
Stlth   +            (no ring)
HPRegen 0.27/turn    (no ring)
MPRegen 0.12/turn    (no ring)
                     (no ring)

%: no passive effects
@: appendages (expiring), glowing
A: tentacle spike 3, almost no armour, amphibious, 8 rings, camouflage 1,
gelatinous body 1, (nimble swimmer 1), tentacles
a: End Transformation, Renounce Religion, Shatter the Chains


You were on level 5 of the Dungeon.
You worshipped Ashenzari.
Ashenzari was noncommittal.
One of your tentacles had grown a beastly spike.
You visited 1 branch of the dungeon, and saw 5 of its levels.

You collected 212 gold pieces.

Inventory:

Missiles
 o - 5 poisoned darts
Armour
 e - the cursed orb of the Perceptive Sky (worn) {light, Fort, Alch}
   (You found it on level 1 of the Dungeon)

   It has a curse which improves the following skills: Fortitude: Shields.
   Alchemy:   Poison Magic and Transmutations.
Wands
 s - a wand of flame (13)
 u - a wand of iceblast (9)
Scrolls
 c - 3 scrolls of amnesia
 g - a scroll of identify {unknown}
 h - a scroll of enchant armour
 i - 2 scrolls of teleportation
 j - a scroll of vulnerability {unknown}
 m - a scroll of enchant weapon {unknown}
 q - a scroll of fog {unknown}
 r - a scroll of torment {unknown}
 t - a scroll of blinking {unknown}
 v - a scroll of fear {unknown}
Potions
 a - 3 potions of lignification
 b - a potion of haste {unknown}
 d - a potion of attraction {unknown}
 f - 3 potions of curing {unknown}
 k - a potion of mutation {unknown}
 l - a potion of degeneration {unknown}
 n - 2 potions of flight {unknown}
 p - a potion of heal wounds {unknown}


   Skills:
 - Level 1.0 Fighting
 + Level 4.1 Dodging
 + Level 4.7 Unarmed Combat
 - Level 2.0 Spellcasting
 + Level 4.2(4.5) Transmutations
 + Level 3.0(3.4) Poison Magic


You had 4 spell levels left.
You knew the following spells:

 Your Spells              Type           Power      Damage    Failure   Level
a - Beastly Appendage     Tmut           34%        N/A       3%          1
b - Wereblood             Tmut           17%        N/A       4%          2
c - Spider Form           Tmut/Pois      15%        N/A       12%         3

Your spell library contained the following spells:

 Spells                   Type           Power      Damage    Failure   Level
 Gell's Gravitas          Tloc           1%         N/A       50%         3
 Teleport Other           Tloc           1%         N/A       50%         3
 Ice Form                 Ice/Tmut       9%         N/A       58%         4
 Dispersal                Tloc           0%         N/A       100%        6


Dungeon Overview and Level Annotations

Branches:
Dungeon (5/15)
 Temple: D:4-7

Altars:
Ashenzari
Hepliaklqana
Kikubaaqudgha
Nemelex Xobeh
Okawaru
Zin
The Shining One

Annotations:
D:4 1 runed translucent door, qeuew's ghost, amateur GrMo


Innate Abilities, Weirdness & Mutations

One of your tentacles has grown a beastly spike.
You cannot wear most types of armour.
You are amphibious.
You can wear up to eight rings at the same time.
Your skin changes colour to match your surroundings (Stealth+).
Your rubbery body absorbs attacks. (AC +1, EV +1)
((You are camouflaged when in or above water. (Stealth+)))
You have tentacles for arms and can constrict up to eight enemies at once.


Message History

Your primal bloodlust has ended.
You start resting.
Your tentacle spike disappears.
A sky beast comes into view.
You climb upwards.
Level annotation: 1 runed translucent door, qeuew's ghost, amateur GrMo
There is a stone staircase leading down here.
You start resting.
HP restored.
You climb downwards.
The sky beast flickers out of sight for a moment.
The sky beast hits you. The sky beast shocks you. The sky beast hits you.
The sky beast shocks you.
There is a stone staircase leading up, spattered with blood here.
Casting: Wereblood (safe; 4% risk of failure)
Confirm with . or Enter, or press ? or * to list all spells.
One of your tentacles grows a vicious spike.
The sky beast closely misses you.
You barely miss the sky beast.
Your tentacle spike misses the sky beast.
Your tentacle-slap misses the sky beast.
The sky beast hits you. The sky beast shocks you.
You tentacle-slap the sky beast.
The sky beast is lightly wounded.
The sky beast hits you. The sky beast shocks you.
* * * LOW HITPOINT WARNING * * *
You barely miss the sky beast.
You pierce the sky beast.
The sky beast is moderately wounded.
Your transformation is almost over.
The sky beast closely misses you.
You tentacle-slap the sky beast.
Your tentacle spike misses the sky beast.
You tentacle-slap the sky beast.
The sky beast is severely wounded.
You tentacle-slap the sky beast.
The sky beast is almost dead.
The sky beast hits you.
* * * LOW HITPOINT WARNING * * *
The sky beast shocks you.
You die...

.......#......
...........#....##
.......#####...#.###
.......#####..#$...#
.........##...#....#
......#)####.......##
....###.###.........####
##.. #..#...#...Y......
.... #.........@......#
.... #................#
.#. #.....)..........#
......#.)#.........##
.....##..#......##.#
....#.>..)$.##..... #
##..#.###...##.$..## #.
## ...........
..####....#.


You could see a sky beast (invisible).

Vanquished Creatures
  A centaur (D:4)
  A gnoll bouda (D:5)
  A sleepcap (D:4)
  An iguana (D:4)
  Natasha (thrice) (D:3)
  Terence (D:3)
  5 gnolls (D:5)
  4 adders
  3 worms
  5 dart slugs
  2 orcs (D:4)
  6 endoplasms
  2 giant cockroaches
  6 goblins
  10 hobgoblins
  5 quokkas
  8 ball pythons
  4 bats
  3 frilled lizards (D:1)
  4 kobolds
  9 rats
84 creatures vanquished.

Notes
Turn   | Place    | Note
-------+----------+-------------------------------------------
     0 | D:1      | Jase the Octopode Transmuter began the quest for the Orb.
     0 | D:1      | Reached XP level 1. HP: 13/13 MP: 3/3
   105 | D:1      | Reached XP level 2. HP: 18/18 MP: 3/5
   512 | D:1      | Reached XP level 3. HP: 20/23 MP: 4/6
  1490 | D:3      | Reached XP level 4. HP: 28/28 MP: 7/7
  1587 | D:3      | Noticed Natasha
  1591 | D:3      | Killed Natasha
  1595 | D:3      | Learned a level 2 spell: Wereblood
  1599 | D:3      | Learned a level 3 spell: Spider Form
  1780 | D:3      | Noticed Natasha
  1786 | D:3      | Killed Natasha
  1787 | D:3      | Reached skill level 1 in Poison Magic
  1787 | D:3      | Reached XP level 5. HP: 23/33 MP: 6/8
  1909 | D:3      | Noticed Natasha
  1923 | D:3      | Killed Natasha
  2062 | D:3      | Noticed Terence
  2080 | D:3      | Killed Terence
  2130 | D:3      | Found an ancient bone altar of Kikubaaqudgha.
  2296 | D:3      | Found a sparkling altar of Nemelex Xobeh.
  2297 | D:3      | Found a hazy altar of Hepliaklqana.
  2302 | D:3      | Found a glowing silver altar of Zin.
  2310 | D:3      | Found a glowing golden altar of the Shining One.
  2314 | D:3      | Found a broken altar of Ashenzari.
  2319 | D:3      | Became a worshipper of Ashenzari the Shackled
  2442 | D:4      | Found an iron altar of Okawaru.
  2469 | D:4      | Found a runed translucent door.
  2469 | D:4      | Noticed qeuew's ghost (amateur GrMo)
  2476 | D:4      | Reached XP level 6. HP: 38/38 MP: 7/9
  3328 | D:5      | Entered Level 5 of the Dungeon
  3483 | D:5      | Reached XP level 7. HP: 17/43 MP: 10/10
  3598 | D:5      | Slain by a sky beast

Illustrated notes

Levels and vault maps discovered:
D:1:      lightli_arrival_noodles, layout_loops_cross
D:2:      layout_loops_ring
D:3:      layout_loops_ring, kiku_gazebo_pond_becter, minitemple,
          serial_bayou_ford_a, minmay_misc_feat_chi,
          chequers_serial_rivers_micro_b, uniq_terence, uniq_natasha
D:4:      layout_loops_cross, mainiacjoe_overflow_chevrons,
          gammafunk_ghost_grave, saegor_snake_ambush
D:5:      layout_cave_pools, vehumet_statue, serial_glass, glass_columns_a,
          glass_columns_a, st_stairs_4, uniq_crazy_yiuf_cottage

Skill      XL: |  1  2  3  4  5  6 |
---------------+-------------------+-----
Dodging        | 3 4 |  4.1
Transmutations | 3 4 |  4.2
Unarmed Combat | 4 |  4.7
Poison Magic   | 1 2 3 |  3.0
Fighting       | |  1.0
Spellcasting   | |  2.0

Action                     |  1- 3 |  4- 6 |  7- 9 || total
---------------------------+-------+-------+-------++-------
  Melee: Unarmed           |    64 |    98 |     7 ||   169
         Tentacles         |    12 |    26 |       ||    38
         Constrict         |    25 |    34 |     1 ||    60
         Kick              |    16 |    45 |     2 ||    63
         Punch             |     2 |     6 |     1 ||     9
   Cast: Beastly Appendage |    19 |    29 |     2 ||    50
         Wereblood         |       |       |     1 ||     1
 Invoke: Curse Item        |       |     1 |       ||     1
    Use: Scroll            |       |     4 |       ||     4
   Stab: Sleeping          |     4 |       |       ||     4
 Armour: Skin              |     2 |     6 |       ||     8
  Dodge: Dodged            |    35 |    48 |     3 ||    86

Table legend: (Time is in decaauts)
 A = Elapsed time spent in this place.
 B = Non-inter-level travel time spent in this place.
 C = Inter-level travel time spent in this place.
 D = Time resting spent in this place.
 E = Time spent auto-exploring this place.
 F = Levels seen in this place.
 G = Mean time per level.
                   A        B        C        D        E       F      G
               +--------+--------+--------+--------+--------+-----+--------+
         Total |   3590 |   3409 |    181 |    391 |   2415 |   5 |  718.0 |
       Dungeon |   3590 |   3409 |    181 |    391 |   2415 |   5 |  718.0 |
               +--------+--------+--------+--------+--------+-----+--------+

Top non-repeatable levels by time:
     D:4: 1034 daAuts
     D:3: 908 daAuts
     D:1: 807 daAuts
     D:2: 675 daAuts
     D:5: 164 daAuts
